R+ - U24
BLUE RIDGE BULLDOGS @ HAMPTON ORIOLES
09/09/2052
 
TOP OF THE 1ST
Chihuahua Aztecs batting - Pitching for Mexico City Diablos Rojos : RHP Ismaldo Brito
Pitching: RHP Ismaldo Brito
Batting: LHB Aarón Fermin 0-0: Ball
1-0: Ball
2-0: Foul Ball, location: 5FF
2-1: Swinging Strike
2-2: Strikes out swinging
Batting: RHB Aaron Brady 0-0: Swinging Strike
0-1: Foul Ball, location: 25F
0-2: Reached on error, E5 (Groundball, 56, EV 101.9 MPH)
Batting: LHB Caton Tamez 0-0: SINGLE (Line Drive, 78S, EV 91.3 MPH)
Aaron Brady to second
Batting: RHB Jack Baker 0-0: Ball
1-0: Foul Ball, location: 5DF
1-1: Swinging Strike
1-2: Strikes out looking
Batting: RHB Noah Long 0-0: Ball
1-0: Ball
2-0: SINGLE (Groundball, 6MD, EV 96.9 MPH)
Aaron Brady to third
Caton Tamez to second
Runner from 3rd tries for Home, SAFE, throw by CF to home
Now in CF: Aiden Wilkinson
Batting: RHB Vaughan Babbs 0-0: Called Strike
0-1: Ball
1-1: Fielders Choice at 2nd, 6-4 (Groundball, 6, EV 80.0 MPH)
Top of the 1st over - 1 run, 2 hits, 1 error, 2 left on base; Chihuahua 1 - Mexico City 0
BOTTOM OF THE 1ST
Mexico City Diablos Rojos batting - Pitching for Chihuahua Aztecs : RHP John Pimentel
Pitching: RHP John Pimentel
Batting: LHB Donald Vang 0-0: Foul Ball, location: 23F
0-1: Ball
1-1: Swinging Strike
1-2: Ball
2-2: Ball
3-2: Strikes out swinging
Batting: LHB Sergio Velez 0-0: Ball
1-0: Called Strike
1-1: Single, Error in OF, E9, batter to second base (Line Drive, 89S, EV 102.5 MPH)
Batting: LHB Jeffrey Woodard 0-0: Swinging Strike
0-1: Swinging Strike
0-2: Strikes out swinging
Batting: LHB Jeremiah West 0-0: Called Strike
0-1: Foul Ball, location: 9LMF
0-2: Strikes out swinging
Bottom of the 1st over - 0 runs, 1 hit, 1 error, 1 left on base; Chihuahua 1 - Mexico City 0
TOP OF THE 2ND
Chihuahua Aztecs batting - Pitching for Mexico City Diablos Rojos : RHP Ismaldo Brito
Batting: RHB Victor Contreras 0-0: Ball
1-0: Foul Ball, location: 2F
1-1: Called Strike
1-2: Ball
2-2: DOUBLE (Line Drive, 9LM, EV 92.5 MPH)
Batting: LHB Lukas Guerra 0-0: Ball
1-0: Called Strike
1-1: Swinging Strike
1-2: Ball
2-2: Ball
3-2: Foul Ball, location: 2F
3-2: Foul Ball, location: 2F
3-2: Foul Ball, location: 23F
3-2: Strikes out swinging
Batting: RHB José Lemus 0-0: Ground out 4-3 (Groundball, 4, EV 86.9 MPH)
Victor Contreras to third
Batting: LHB Aarón Fermin 0-0: Foul Ball, location: 2F
0-1: Swinging Strike
0-2: Ground out 6-3 (Groundball, 6D, EV 93.8 MPH)
Top of the 2nd over - 0 runs, 1 hit, 0 errors, 1 left on base; Chihuahua 1 - Mexico City 0
BOTTOM OF THE 2ND
Mexico City Diablos Rojos batting - Pitching for Chihuahua Aztecs : RHP John Pimentel
Batting: LHB Jake Witherspoon 0-0: SINGLE (Line Drive, 7LS, EV 92.5 MPH)
Batting: RHB Ted Harris 0-0: Foul Ball, location: 25F
0-1: Ball
1-1: Swinging Strike
1-2: Ball
2-2: Foul Ball, location: 23F
2-2: Ball
3-2: Foul Ball, location: 5F
3-2: Strikes out swinging
Batting: SHB Don Glynn 0-0: Ball
1-0: Called Strike
1-1: Ball
2-1: Called Strike
2-2: Strikes out swinging
Batting: RHB Ollie Pryor 0-0: Ball
1-0: Called Strike
1-1: Called Strike
1-2: Fly out, F7 (Flyball, 78M, EV 79.4 MPH)
Bottom of the 2nd over - 0 runs, 1 hit, 0 errors, 1 left on base; Chihuahua 1 - Mexico City 0
TOP OF THE 3RD
Chihuahua Aztecs batting - Pitching for Mexico City Diablos Rojos : RHP Ismaldo Brito
Batting: RHB Aaron Brady 0-0: Called Strike
0-1: Ball
1-1: Ball
2-1: SINGLE (Groundball, 6S, EV 85.0 MPH)
Batting: LHB Caton Tamez 0-0: Ball
1-0: Ball
2-0: Called Strike
2-1: Ball
3-1: Foul Ball, location: 2F
3-2: Foul Ball, location: 5F
3-2: Base on Balls
Aaron Brady to second
Batting: RHB Jack Baker 0-0: Ball
1-0: Swinging Strike
1-1: Swinging Strike
1-2: Foul Ball, location: 2F
1-2: Ball
2-2: Ball
3-2: Foul Ball, location: 9LSF
3-2: Foul Ball, location: 2F
3-2: Foul Ball, location: 2F
3-2: SINGLE (Groundball, 6M, EV 103.8 MPH) (infield hit)
Aaron Brady to third
Caton Tamez to second
Batting: RHB Noah Long 0-0: Swinging Strike
0-1: Ball
1-1: Swinging Strike
1-2: Ball
2-2: Foul Ball, location: 9LMF
2-2: Ball
3-2: Fielders Choice at 2nd, 3-6 (Groundball, 3, EV 80.0 MPH)
Aaron Brady scores
Caton Tamez to third
Batting: RHB Vaughan Babbs 0-0: Called Strike
0-1: Ball
1-1: Ball
2-1: Foul Ball, location: 9LDF
2-2: Fielders Choice at 2nd, 6-4 (Groundball, 6, EV 86.9 MPH)
Caton Tamez scores
Batting: RHB Victor Contreras 0-0: Swinging Strike
0-1: Ball
1-1: Ball
2-1: Ball
3-1: Ground out 1-3 (Groundball, 15S, EV 70.0 MPH)
Top of the 3rd over - 2 runs, 2 hits, 0 errors, 1 left on base; Chihuahua 3 - Mexico City 0
BOTTOM OF THE 3RD
Mexico City Diablos Rojos batting - Pitching for Chihuahua Aztecs : RHP John Pimentel
Batting: RHB Aiden Wilkinson 0-0: Swinging Strike
0-1: Ball
1-1: SINGLE (Groundball, 56D, EV 98.8 MPH)
Batting: LHB Donald Vang 0-0: Called Strike
0-1: Foul Ball, location: 25FF
0-2: Foul Ball, location: 2F
0-2: Fly out, F8 (Flyball, 8LD, EV 93.1 MPH)
Batting: LHB Sergio Velez 0-0: Foul Ball, location: 2F
0-1: Foul Ball, location: 7LSF
0-2: Ball
1-2: Foul Ball, location: 9LSF
1-2: Ball
2-2: Ball
3-2: SINGLE (Line Drive, 9S, EV 98.8 MPH)
Aiden Wilkinson to second
Aiden Wilkinson to third
Batting: LHB Jeffrey Woodard 0-0: Ball
1-0: Called Strike
1-1: Foul Ball, location: 2F
1-2: Fly out, F8 (Flyball, 8LD, EV 105.6 MPH)
Runner from 3rd tags up, SCORES, throw by CF
Batting: LHB Jeremiah West 0-0: Called Strike
0-1: Called Strike
0-2: Strikes out swinging
Bottom of the 3rd over - 1 run, 2 hits, 0 errors, 1 left on base; Chihuahua 3 - Mexico City 1
TOP OF THE 4TH
Chihuahua Aztecs batting - Pitching for Mexico City Diablos Rojos : RHP Ismaldo Brito
Batting: LHB Lukas Guerra 0-0: Ball
1-0: Foul Ball, location: 25F
1-1: Foul Ball, location: 7LMFF
1-2: Foul Ball, location: 2F
1-2: Fly out, F4 (Popup, 4D, EV 48.8 MPH)
Batting: RHB José Lemus 0-0: Ground out 3-1 (Groundball, 34, EV 89.4 MPH)
Batting: LHB Aarón Fermin 0-0: Ball
1-0: SINGLE (Line Drive, 6D, EV 108.1 MPH)
Batting: RHB Aaron Brady 0-0: Ball
1-0: Ball
2-0: Called Strike
2-1: Foul Ball, location: 2F
2-2: Ball
3-2: SINGLE (Groundball, 4, EV 86.3 MPH)
Aarón Fermin to second
Aarón Fermin to third
Batting: LHB Caton Tamez 0-0: Ball
1-0: Ball
2-0: Foul Ball, location: 7LMFF
2-1: Ball
3-1: Ground out 5-3 (Groundball, 56S, EV 85.0 MPH)
Top of the 4th over - 0 runs, 2 hits, 0 errors, 2 left on base; Chihuahua 3 - Mexico City 1
BOTTOM OF THE 4TH
Mexico City Diablos Rojos batting - Pitching for Chihuahua Aztecs : RHP John Pimentel
Batting: LHB Jake Witherspoon 0-0: Ball
1-0: Called Strike
1-1: Foul Ball, location: 2RF
1-2: Strikes out looking
Batting: RHB Ted Harris 0-0: Ball
1-0: Foul Ball, location: 9LMF
1-1: Called Strike
1-2: Ball
2-2: Ground out 6-3 (Groundball, 56, EV 82.5 MPH)
Batting: SHB Don Glynn 0-0: Ball
1-0: Ball
2-0: SINGLE (Groundball, 34D, EV 103.8 MPH)
Batting: RHB Ollie Pryor 0-0: Ball
1-0: Foul Ball, location: 2RF
1-1: Ground out 3-1 (Groundball, 34, EV 78.1 MPH)
Bottom of the 4th over - 0 runs, 1 hit, 0 errors, 1 left on base; Chihuahua 3 - Mexico City 1
TOP OF THE 5TH
Chihuahua Aztecs batting - Pitching for Mexico City Diablos Rojos : RHP Ismaldo Brito
Pitching: RHP Jimmy Martin
Batting: RHB Jack Baker 0-0: Called Strike
0-1: DOUBLE (Line Drive, 7LM, EV 94.4 MPH)
Batting: RHB Noah Long 0-0: Ball
1-0: Ball
2-0: SINGLE (Groundball, 3S, EV 68.1 MPH) (infield hit)
Jack Baker to third
Batting: RHB Vaughan Babbs 0-0: Ball
1-0: Called Strike
1-1: Foul Ball, location: 2F
1-2: Foul Ball, location: 3F
1-2: Fly out, F8 (Flyball, 8LD, EV 85.0 MPH)
Throwing error, E8
Jack Baker scores
Noah Long to second
Batting: RHB Victor Contreras 0-0: Foul Ball, location: 23F
0-1: Ball
1-1: Ball
2-1: Foul Ball, location: 9LMF
2-2: Ball
3-2: Strikes out looking
Batting: LHB Lukas Guerra 0-0: Called Strike
0-1: Called Strike
0-2: Foul Ball, location: 2F
0-2: Ball
1-2: 2-RUN HOME RUN (Flyball, 89XD, EV 108.8 MPH), Distance : 421 ft
Pitching: RHP Téo Sandoval
Batting: RHB José Lemus 0-0: Called Strike
0-1: Ball
1-1: Foul Ball, location: 9LDF
1-2: Strikes out swinging
Top of the 5th over - 3 runs, 3 hits, 1 error, 0 left on base; Chihuahua 6 - Mexico City 1
BOTTOM OF THE 5TH
Mexico City Diablos Rojos batting - Pitching for Chihuahua Aztecs : RHP John Pimentel
Batting: RHB Aiden Wilkinson 0-0: Called Strike
0-1: Foul Ball, location: 2F
0-2: Strikes out swinging
Batting: LHB Donald Vang 0-0: Ground out 6-3 (Groundball, 6, EV 83.1 MPH)
Batting: LHB Sergio Velez 0-0: Called Strike
0-1: Ball
1-1: Fly out, F9 (Flyball, 9, EV 91.3 MPH)
Bottom of the 5th over - 0 runs, 0 hits, 0 errors, 0 left on base; Chihuahua 6 - Mexico City 1
TOP OF THE 6TH
Chihuahua Aztecs batting - Pitching for Mexico City Diablos Rojos : RHP Téo Sandoval
Batting: LHB Aarón Fermin 0-0: Ball
1-0: Foul Ball, location: 5F
1-1: Ball
2-1: Fly out, F7 (Flyball, 7S, EV 92.5 MPH)
Batting: RHB Aaron Brady 0-0: Called Strike
0-1: Ball
1-1: SINGLE (Groundball, 4MD, EV 103.8 MPH)
Batting: LHB Caton Tamez 0-0: Ball
1-0: Called Strike
1-1: Fly out, F7 (Flyball, 78D, EV 82.5 MPH)
Batting: RHB Jack Baker 0-0: Ball
1-0: Reached on error, E5 (Groundball, 56, EV 80.6 MPH)
Aaron Brady to second
Batting: RHB Noah Long 0-0: Ball
1-0: Ball
2-0: Called Strike
2-1: Foul Ball, location: 23F
2-2: Strikes out looking
Top of the 6th over - 0 runs, 1 hit, 1 error, 2 left on base; Chihuahua 6 - Mexico City 1
BOTTOM OF THE 6TH
Mexico City Diablos Rojos batting - Pitching for Chihuahua Aztecs : RHP John Pimentel
Batting: LHB Jeffrey Woodard 0-0: Ball
1-0: Swinging Strike
1-1: Ball
2-1: Foul Ball, location: 9LMF
2-2: Fly out, F8 (Flyball, 8LD, EV 77.5 MPH)
Batting: LHB Jeremiah West 0-0: Called Strike
0-1: Called Strike
0-2: Ball
1-2: Ball
2-2: SOLO HOME RUN (Flyball, 89XD, EV 98.1 MPH), Distance : 399 ft
Batting: LHB Jake Witherspoon 0-0: Ball
1-0: Called Strike
1-1: Ball
2-1: SOLO HOME RUN (Line Drive, 9D, EV 93.8 MPH), Distance : 355 ft
Batting: RHB Ted Harris 0-0: Swinging Strike
0-1: Ball
1-1: Foul Ball, location: 5F
1-2: Reached on error, E5 (Groundball, 5, EV 102.5 MPH)
Batting: SHB Don Glynn 0-0: Ball
1-0: Foul Ball, location: 2F
1-1: Called Strike
1-2: Ball
2-2: Foul Ball, location: 2F
2-2: Strikes out swinging
Pitching: RHP Dylan Hardin
Batting: RHB Ollie Pryor 0-0: Ball
1-0: Ball
2-0: Called Strike
2-1: Ball
3-1: Called Strike
3-2: Ground out 5-3 (Groundball, 56S, EV 75.6 MPH)
Bottom of the 6th over - 2 runs, 2 hits, 1 error, 1 left on base; Chihuahua 6 - Mexico City 3
TOP OF THE 7TH
Chihuahua Aztecs batting - Pitching for Mexico City Diablos Rojos : RHP Téo Sandoval
Pitching: LHP Winston Munson
Batting: RHB Vaughan Babbs 0-0: Foul Ball, location: 5FF
0-1: Called Strike
0-2: Ground out 6-3 (Groundball, 6S, EV 90.0 MPH)
Batting: RHB Victor Contreras 0-0: Ball
1-0: Called Strike
1-1: Ground out 5-3 (Groundball, 5L, EV 85.0 MPH)
Batting: LHB Lukas Guerra 0-0: Ball
1-0: Foul Ball, location: 7LMF
1-1: Foul Ball, location: 9LDF
1-2: Strikes out swinging
Top of the 7th over - 0 runs, 0 hits, 0 errors, 0 left on base; Chihuahua 6 - Mexico City 3
BOTTOM OF THE 7TH
Mexico City Diablos Rojos batting - Pitching for Chihuahua Aztecs : RHP Dylan Hardin
Batting: RHB Aiden Wilkinson 0-0: Ball
1-0: Called Strike
1-1: Called Strike
1-2: Ball
2-2: Ground out 6-3 (Groundball, 6, EV 85.0 MPH)
Batting: LHB Donald Vang 0-0: Called Strike
0-1: Swinging Strike
0-2: Strikes out swinging
Batting: LHB Sergio Velez 0-0: Ball
1-0: Foul Ball, location: 2F
1-1: Ball
2-1: Ball
3-1: Called Strike
3-2: Foul Ball, location: 2F
3-2: Fly out, F7 (Flyball, 78D, EV 90.6 MPH)
Bottom of the 7th over - 0 runs, 0 hits, 0 errors, 0 left on base; Chihuahua 6 - Mexico City 3
TOP OF THE 8TH
Chihuahua Aztecs batting - Pitching for Mexico City Diablos Rojos : LHP Winston Munson
Batting: RHB José Lemus 0-0: Ground out 4-3 (Groundball, 4, EV 90.0 MPH)
Batting: LHB Aarón Fermin 0-0: Called Strike
0-1: Fly out, F8 (Flyball, 89M, EV 90.6 MPH)
Batting: RHB Aaron Brady 0-0: Ball
1-0: Foul Ball, location: 2F
1-1: Ball
2-1: Ball
3-1: Base on Balls
Batting: LHB Caton Tamez 0-0: Ball
1-0: Called Strike
1-1: Called Strike
1-2: 2-RUN HOME RUN (Flyball, 89XD, EV 100.6 MPH), Distance : 414 ft
Batting: RHB Jack Baker 0-0: Called Strike
0-1: Ground out 6-3 (Groundball, 6, EV 81.3 MPH)
Top of the 8th over - 2 runs, 1 hit, 0 errors, 0 left on base; Chihuahua 8 - Mexico City 3
BOTTOM OF THE 8TH
Mexico City Diablos Rojos batting - Pitching for Chihuahua Aztecs : RHP Dylan Hardin
Batting: LHB Jeffrey Woodard 0-0: Ball
1-0: Foul Ball, location: 7LMF
1-1: Ball
2-1: SINGLE (Groundball, 4MD, EV 95.0 MPH)
Batting: LHB Jeremiah West 0-0: SINGLE (Groundball, 4D, EV 110.0 MPH)
Jeffrey Woodard to second
Runner from 2nd tries for 3rd, SAFE, no throw by RF
Batting: LHB Jake Witherspoon 0-0: Ball
1-0: Called Strike
1-1: Swinging Strike
1-2: Ball
2-2: Foul Ball, location: 23F
2-2: Foul Ball, location: 5FF
2-2: Strikes out swinging
Batting: RHB Ted Harris 0-0: Fly out, F8 (Flyball, 8RXD, EV 110.6 MPH)
Runner from 3rd tags up, SCORES, no throw by CF
Batting: SHB Don Glynn 0-0: Ball
1-0: Foul Ball, location: 25F
1-1: Swinging Strike
1-2: Ball
2-2: Ball
3-2: Strikes out looking
Bottom of the 8th over - 1 run, 2 hits, 0 errors, 1 left on base; Chihuahua 8 - Mexico City 4
TOP OF THE 9TH
Chihuahua Aztecs batting - Pitching for Mexico City Diablos Rojos : LHP Winston Munson
Pitching: RHP Charles Pue
Batting: RHB Noah Long 0-0: Swinging Strike
0-1: Foul Ball, location: 25F
0-2: Ball
1-2: Foul Ball, location: 2F
1-2: Ball
2-2: Foul Ball, location: 2F
2-2: Strikes out swinging
Batting: RHB Vaughan Babbs 0-0: Ground out 1-3 (Groundball, 13S, EV 75.0 MPH)
Pinch Hitting: LHB Deacon Grajeda 0-0: Ball
1-0: Ball
2-0: Swinging Strike
2-1: Swinging Strike
2-2: Ball
3-2: Base on Balls
Batting: LHB Lukas Guerra 0-0: Called Strike
0-1: Swinging Strike
0-2: Ball
1-2: Foul Ball, location: 7LSF
1-2: Fly out, F2 (Popup, 15S, EV 89.4 MPH)
Top of the 9th over - 0 runs, 0 hits, 0 errors, 1 left on base; Chihuahua 8 - Mexico City 4
BOTTOM OF THE 9TH
Mexico City Diablos Rojos batting - Pitching for Chihuahua Aztecs : RHP Dylan Hardin
Pitching: RHP Rémy Poirier
Now in RF: Adrian Solorio
Batting: RHB Ollie Pryor 0-0: Ball
1-0: Called Strike
1-1: Fly out, F8 (Flyball, 8LD, EV 101.3 MPH)
Batting: RHB Aiden Wilkinson 0-0: SOLO HOME RUN (Flyball, 7D, EV 96.3 MPH), Distance : 361 ft
Batting: LHB Donald Vang 0-0: SINGLE (Flyball, 78S, EV 86.3 MPH)
Pitching: RHP Cal Stuart
Batting: LHB Sergio Velez 0-0: Called Strike
0-1: Foul Ball, location: 2F
0-2: Fielders Choice at 2nd, 4-6 (Groundball, 4, EV 96.9 MPH)
Batting: LHB Jeffrey Woodard 0-0: Fly out, F4 (Popup, 34D, EV 74.4 MPH)
Bottom of the 9th over - 1 run, 2 hits, 0 errors, 1 left on base; Chihuahua 8 - Mexico City 5
Tuesday, May 7th , 2024 - OOTP Baseball 24.11 Build 85